AoeStats
← Foami

Arabian Desert

510058539Analyzed
1v1 RM · 2d ago on Sep 29, 2026· 48m 22s· 2 players
Game mode
Random Map
Map size
Tiny (2 player)
Population
200
Speed
Normal
Resources
Standard
Victory
Conquest
Starting age
Dark Age
Ending age
Imperial Age
RankedLock teamsTeams togetherTeam positionsShared explorationLock speedFull tech treeHidden civsTurbo modeCheats
Victory
Defeat
🇳🇿 Persians · New Zealand
815
+14
🇺🇸 Franks · United States
763
-14
GHoSTDoG
2:47 Loom
10:23 Feudal Age
11:42 Wheelbarrow
10:55 Double-Bit Axe
12:22 Gold Mining
26:30 Castle Age
25:18 Forging
28:01 Husbandry
29:35 Scale Barding Armor
32:21 Fletching
37:21 Hand Cart
39:52 Stone Mining
Foami
6:56 Loom
9:10 Feudal Age
10:09 Double-Bit Axe
21:33 Castle Age
25:33 Fletching
28:43 Bow Saw
30:09 Bodkin Arrow
38:53 Imperial Age
37:23 Ballistics
37:50 Thumb Ring
38:14 Stone Mining
38:18 Gold Mining
41:02 Chemistry
40:20 Padded Archer Armor
41:12 Conscription
40:44 Horse Collar
42:26 Cavalier
43:08 Husbandry
43:18 Bloodlines
44:02 Savar
46:24 Forging
46:20 Scale Barding Armor
47:27 Gold Shaft Mining
48:32 Chain Barding Armor
48:48 Iron Casting
Connection lost

Rejoining the realm…

Still unreachable

The connection could not be restored.

Session expired

The server has moved on; the page needs a fresh start.